 Dungeon Crawl Stone Soup version 0.18-a0-1109-gfc003ac (webtiles) character file.

243 4thArraOfDagon the Chopper (level 6, 0/56 HPs)
             Began as a Hill Orc Berserker on Jan 16, 2016.
             Was a Believer of Trog.
             Succumbed to a scorpion's poison
             ... on level 6 of the Dungeon.
             The game lasted 00:03:25 (635 turns).

4thArraOfDagon the Chopper (Hill Orc Berserker)      Turns: 635, Time: 00:03:26

Health: 0/56       AC: 11    Str: 22    XL:     6   Next: 9%
Magic:  6/6        EV:  7    Int:  7    God:    Trog [**....]
Gold:   129        SH:  0    Dex: 10    Spells: 0 memorised, 5 levels left

rFire  . . .     SeeInvis .     a - +0 hand axe
rCold  . . .     Gourm    .     f - +0 plate armour
rNeg   . . .     Faith    .     (no shield)
rPois  .         Spirit   .     (no helmet)
rElec  .         Dismiss  .     (no cloak)
rCorr  .         Reflect  .     (no gloves)
SustAt .         Harm     .     (no boots)
MR     ++...                    (no amulet)
Stlth  ..........               (no ring)
                                (no ring)

@: lethally poisoned (0 -> -1), exhausted, very slightly contaminated,
regenerating, hasted and slowed, very resistant to hostile enchantments,
extremely unstealthy
A: no striking features
a: Berserk, Trog's Hand, Burn Spellbooks, Renounce Religion


You were on level 6 of the Dungeon.
You worshipped Trog.
Trog was pleased with you.
You were not hungry.

You visited 1 branch of the dungeon, and saw 6 of its levels.

You collected 129 gold pieces.

Inventory:

Hand Weapons
 a - a +0 hand axe (weapon)
 h - a +0 blowgun
Missiles
 i - 2 poisoned needles
Armour
 f - a +0 plate armour (worn)
Scrolls
 e - a scroll of teleportation {unknown}
 g - 2 scrolls of remove curse {unknown}
 j - a scroll of enchant armour {unknown}
 k - a scroll of enchant weapon {unknown}
Comestibles
 c - 2 bread rations
 d - a meat ration


   Skills:
 + Level 5.0 Fighting
 * Level 6.7 Axes
 + Level 4.0 Armour
 - Level 1.5 Dodging


You had 5 spell levels left.
You didn't know any spells.

Dungeon Overview and Level Annotations

Branches:
Dungeon (6/15)             Temple (0/1) D:4

Altars:
Ru
Trog


Message History

* * * LOW HITPOINT WARNING * * *
You feel very sick.
The scorpion stings you but does no damage. x2
You are very lightly contaminated with residual magic.
Unknown command.
Unknown command.
You barely miss the scorpion.
The scorpion is lightly wounded.
* * * LOW HITPOINT WARNING * * *
You feel very sick. The scorpion barely misses you.
Unknown command.
Unknown command.
* * * LOW HITPOINT WARNING * * *
You feel sick.
* * * LOW HITPOINT WARNING * * *
You feel sick.
* * * LOW HITPOINT WARNING * * *
You feel sick.
You die...

.........##.#
....#.
#....#######
#....##..........#
#.........#####.#
.#<....## #.#
#.....# #.#
#.....### #.#
#.......####.#
###.....##.@.#
.......##.###
###.....##s#
#.....##.#
########.# #.....#
#####.#


You could see a scorpion.

Vanquished Creatures
  A sky beast (D:6)
  An orc wizard (D:3)
  2 worker ants
  2 adders (D:3)
  2 shadow imps
  An ooze (D:1)
  A giant gecko (D:2)
  3 orcs
  A ball python (D:5)
  2 bats
  2 giant cockroaches
  4 goblins
  3 hobgoblins
  3 jackals (D:5)
  6 kobolds
  A giant cockroach zombie (D:6)
  4 giant newts
  A quokka skeleton (D:4)
  A rat (D:2)
41 creatures vanquished.

Notes
Turn   | Place    | Note
--------------------------------------------------------------
     0 | D:1      | 4thArraOfDagon the Hill Orc Berserker began the quest for the Orb.
     0 | D:1      | Reached XP level 1. HP: 19/19 MP: 1/1
    23 | D:1      | Reached XP level 2. HP: 8/27 MP: 2/2
   179 | D:3      | Reached ** piety under Trog
   179 | D:3      | Reached XP level 3. HP: 25/33 MP: 3/3
   183 | D:3      | Reached skill level 5 in Axes
   259 | D:3      | Reached XP level 4. HP: 40/40 MP: 4/4
   365 | D:4      | Found a bloodstained altar of Trog.
   397 | D:4      | Found a staircase to the Ecumenical Temple.
   447 | D:5      | Entered Level 5 of the Dungeon
   447 | D:5      | Found a sacrificial altar of Ru.
   516 | D:5      | Reached XP level 5. HP: 47/47 MP: 5/5
   583 | D:6      | Reached skill level 6 in Axes
   600 | D:6      | Noticed a sky beast
   612 | D:6      | Killed a sky beast
   612 | D:6      | Reached skill level 5 in Fighting
   612 | D:6      | Reached XP level 6. HP: 56/56 MP: 6/6
   633 | D:6      | HP: 2/56 [poisoned by a scorpion]
   635 | D:6      | Succumbed to a scorpion's poison

Vault maps used:
D:1:      dpeg_arrival_pits
D:2:      nicolae_qazlal_eye_of_the_storm, gammafunk_pakellas_spire_experiment,
          led_sif_pool
D:3:      first_bread, ecumenical_altar_2, minmay_crystal_room,
          minmay_misc_feat_tiny, corexii_hall_statues_i, serial_bayou_pond_e,
          amethyst_killhole
D:4:      bloody_trog, minmay_temple_entry_glassed_door
D:5:      nicolae_dithmenos_shadow_blocks, old_standard_altar,
          overflow_temple_1_default, gammafunk_temple_overflow_claw,
          elyvilon_altar_3
D:6:      kennysheep_little_box

Action                   |  1- 3 |  4- 6 || total
-------------------------+-------+-------++-------
Melee: Hand axe          |    46 |    77 ||   123
Invok: Berserk           |     4 |     3 ||     7
       Trog's Hand       |     1 |     4 ||     5
  Use: Potion            |       |     2 ||     2
 Stab: Sleeping          |     1 |       ||     1
  Eat: Chunk             |     1 |     6 ||     7
